Map: Emerald City LE

Players

qqq - Winner!

  • Race: Zerg Zerg
  • Spawn Location: 5:00

Massa - Winner!

  • Race: Terran Terran
  • League: Platinum
  • Spawn Location: 5:00

Seamusjack

  • Race: Terran Terran
  • League: Diamond
  • Spawn Location: 11:00

Jooot

  • Race: Zerg Zerg
  • League: Diamond
  • Spawn Location: 11:00

VOD

Have the link to the VOD?

Description

Time

  • Played on: March 6, 2021, 1:50 p.m.
  • Length: 5:54
Show
View Real Time Build Order
Export as new Build Order

qqq Zerg - Winner!

Build Orders: Hatch First 

Get SALT Encoding   

  12  0:01  Drone  
  13  0:08  Drone  
  14  0:17  Overlord  
  14  0:39  Drone  
  14  0:40  Drone x2  
  17  0:57  Hatchery  
  16  1:04  Drone  
  16  1:06  Drone  
  18  1:14  Drone  
  19  1:21  Spawning Pool  
  19  1:25  Extractor  
  17  1:29  Drone  
  18  1:36  Drone  
  19  1:52  Drone  
  20  1:55  Extractor  
  19  2:08  Queen x2  
  21  2:11  Drone x3  
  21  2:14  Extractor  
  26  2:18  Drone  
  26  2:21  Drone  
  28  2:29  Extractor  
  28  2:33  Overlord x2  
  28  2:51  Metabolic Boost  
  28  2:53  Zergling x4, Overlord  
  28  2:54  Zergling x2  
  31  3:05  Drone  
  32  3:06  Hatchery  
  32  3:08  Zergling x2  
  32  3:14  Zergling x2  
  32  3:15  Zergling x2  
  34  3:24  Zergling x2  
  34  3:25  Zergling x2, Evolution Chamber  
  35  3:28  Zergling x2  
  35  3:29  Zergling x2  
  35  3:33  Zergling x2  
  35  3:34  Zergling x2  
  39  3:37  Drone  
  39  3:39  Zergling x2  
  41  3:47  Lair  
  41  3:53  Zergling x4  
  43  3:59  Overlord  
  39  4:20  Drone, Zergling x10  
  39  4:24  Overlord  
  37  4:39  Zergling x4  
  37  4:40  Zergling x8  
  40  4:46  Zergling x6  
  40  4:54  Zergling x6  
  41  5:04  Zergling x8  
  41  5:18  Zergling x10  
  41  5:19  Zergling x2  
  46  5:21  Zergling x2  
  46  5:27  Zergling x4  
  45  5:34  Zergling x4  
  45  5:35  Zergling x2  
Show
View Real Time Build Order
Export as new Build Order

Massa Terran - Winner!

Build Orders: 2 Factory, Reaper Expand 

Get SALT Encoding   

  12  0:00  SCV  
  13  0:12  SCV  
  14  0:23  Supply Depot  
  14  0:24  SCV  
  15  0:45  Refinery, SCV  
  15  0:48  Barracks  
  16  0:57  SCV  
  17  1:09  SCV  
  18  1:28  Command Center  
  18  1:37  Orbital Command  
  18  1:45  Reaper  
  19  2:02  SCV  
  19  2:05  Supply Depot  
  20  2:10  Factory  
  20  2:14  SCV  
  21  2:23  Barracks Reactor  
  21  2:26  SCV  
  22  2:40  Orbital Command  
  22  2:53  SCV  
  23  2:58  Engineering Bay  
  23  3:00  Marine  
  23  3:01  Refinery, Marine  
  23  3:02  Hellion  
  23  3:05  SCV  
  28  3:08  Factory  
  28  3:10  SCV  
  29  3:17  SCV  
  30  3:29  Hellion  
  30  3:30  Barracks Tech Lab, Hellion  
  34  3:38  SCV x2  
  36  3:42  Terran Infantry Weapons Level 1  
  36  3:46  Refinery  
  36  3:48  Refinery  
  36  3:50  SCV x2  
  40  3:56  Barracks Tech Lab, Hellion x2  
  42  4:05  Supply Depot  
  42  4:06  Supply Depot  
  42  4:14  Hellion, Infernal Pre-Igniter  
  46  4:17  Hellion  
  46  4:36  Hellion x2  
  48  4:38  Hellion  
  46  4:57  Hellion x2  
  45  5:00  Hellion  
  45  5:10  SCV x2  
  45  5:18  Hellion x2  
  43  5:22  SCV, Hellion  
  43  5:23  SCV  
Show
View Real Time Build Order
Export as new Build Order

Seamusjack Terran 

Build Orders:  

Get SALT Encoding   

  12  0:00  SCV  
  13  0:12  SCV  
  14  0:20  Supply Depot  
  14  0:24  SCV  
  15  0:41  SCV  
  15  0:42  Barracks  
  16  0:53  SCV  
  17  0:58  Barracks  
  17  1:17  Supply Depot  
  17  1:25  Refinery  
  17  1:28  Orbital Command  
  17  1:29  Marine  
  18  1:46  Marine  
  19  1:50  Marine  
  20  2:00  SCV  
  21  2:03  Marine  
  22  2:08  Marine  
  22  2:11  Barracks  
  23  2:22  Marine  
  24  2:33  Marine  
  25  2:39  SCV, Barracks x2  
  26  2:50  Marine  
  27  2:56  Marine  
  27  2:57  Supply Depot  
  28  2:58  Marine  
  29  3:06  Supply Depot  
  29  3:08  Marine  
  30  3:14  Marine  
  30  3:19  Marine  
  32  3:21  Supply Depot  
  32  3:26  Marine  
  33  3:28  Marine x2  
  35  3:42  Marine x2  
  35  3:44  Marine  
  38  3:59  Marine x2  
  40  4:04  Marine x3  
  43  4:16  Marine  
  43  4:17  Marine  
  44  4:18  Supply Depot  
  44  4:21  Marine  
  44  4:22  Marine x2  
  48  4:34  Marine x2  
  45  4:39  Marine  
  45  4:40  Marine x2  
  41  4:52  Marine x2  
  39  4:57  Marine x2  
  39  4:58  Marine  
  43  5:05  SCV  
  39  5:10  Marine x2  
  40  5:15  Marine x3  
  34  5:28  Marine x2  
  28  5:40  SCV  
Show
View Real Time Build Order
Export as new Build Order

Jooot Zerg 

Build Orders: Hatch First 

Get SALT Encoding   

  12  0:01  Drone  
  13  0:12  Overlord  
  13  0:18  Drone  
  14  0:31  Drone x2  
  16  0:38  Drone  
  17  0:48  Drone  
  18  1:00  Hatchery  
  18  1:04  Extractor  
  16  1:11  Spawning Pool  
  16  1:15  Drone  
  16  1:21  Drone x2  
  18  1:36  Drone  
  19  1:45  Drone  
  20  2:08  Zergling x4  
  22  2:11  Queen  
  22  2:12  Queen  
  22  2:13  Overlord  
  22  2:14  Overlord  
  26  2:38  Zergling x8  
  26  2:42  Metabolic Boost  
  30  2:52  Zergling x4  
  30  2:56  Zergling x4  
  34  3:07  Zergling x4  
  36  3:16  Overlord  
  36  3:25  Zergling x8  
  36  3:26  Zergling x4  
  42  3:36  Overlord  
  42  3:38  Zergling x4  
  42  3:41  Zergling x2  
  45  3:49  Zergling x4  
  47  4:02  Zergling x10  
  52  4:10  Zergling x4  
  52  4:11  Zergling x4  
  52  4:16  Zergling x2  
  57  4:20  Zergling x2  
  46  4:36  Zergling x6  
  34  4:53  Zergling x2  
  34  4:54  Zergling x4  
  32  5:00  Zergling x2  
  31  5:08  Zergling x4  
  31  5:12  Roach Warren  
  29  5:24  Zergling x4  
  29  5:25  Zergling x2  
  30  5:31  Zergling x2  
Tags
 
Add a new tag
Caveats
  • Supply blocks, unpowered buildings, or Contaminate may cause inaccurate times.
  • Supply counts are checked every 10 seconds.